 Dungeon Crawl Stone Soup version 0.15.0-29-ga8e3430 (webtiles) character file.

11898 RobertPalmer the Fencer (level 11, -5/61 HPs)
             Began as a High Elf Ice Elementalist on Sept 12, 2014.
             Was an Elder of Dithmenos.
             Slain by a komodo dragon (14 damage)
             ... on Level 3 of the Lair of Beasts.
             The game lasted 00:54:00 (18230 turns).

RobertPalmer the Fencer (HEIE)                     Turns: 18230, Time: 00:54:00

HP  -5/61        AC 11     Str  7      XL: 11   Next: 55%
MP   6/22        EV 19     Int 19      God: Dithmenos [****..]
Gold 519         SH  0     Dex 20      Spells:  4 memorised,  2 levels left

rFire  . . .     SeeInvis +     a - +0 great sword
rCold  . . .     Clarity  .     A - +0 leather armour
rNeg   . . .     rCorr    .     (no shield)
rPois  .         rRot     .     s - +0 helmet {SInv}
rElec  .         Spirit   .     (no cloak)
SustAb .         Warding  .     J - +0 pair of gloves
rMut   .         Stasis   .     (no boots)
Gourm  .                        O - amulet of faith {!P}
MR     +....                    (no ring)
                                D - +4 ring of evasion

@: lethally poisoned, icy armour, wreathed by umbra, studying Necromancy,
somewhat resistant to hostile enchantments, fairly stealthy
A: no striking features
a: Shadow Step, Renounce Religion


You were on level 3 of the Lair of Beasts.
You worshipped Dithmenos.
Dithmenos was greatly pleased with you.
You were very hungry.

You visited 3 branches of the dungeon, and saw 14 of its levels.
You also visited: Sewer and Ice Cave.

You collected 519 gold pieces.


   Skills:
 - Level 15.9 Long Blades
   Level 0.0 Staves
 + Level 6.7 Dodging
 - Level 2.1 Stealth
 - Level 2.4 Spellcasting
   Level 1.1 Conjurations
 - Level 10.8 Ice Magic


You had 2 spell levels left.
You knew the following spells:

 Your Spells              Type           Power        Failure   Level  Hunger
a - Ozocubu's Armour      Chrm/Ice       ###.....     6%          3    ###....
x - Summon Ice Beast      Ice/Summ       ###.....     17%         4    #####..
y - Condensation Shield   Ice            #####.....   1%          4    #####..
z - Freeze                Ice            ####         1%          1    #......

Inventory:

Hand weapons
 a - a +0 great sword (weapon)
 b - a +0 blowgun
 f - a +1 falchion of freezing
 u - a +2 falchion of holy wrath
Missiles
 o - 22 poisoned needles
 B - 2 throwing nets (quivered)
Armour
 s - a +0 helmet of see invisible (worn)
 A - a +0 leather armour (worn)
 J - a +0 pair of gloves (worn)
Magical devices
 g - a wand of lightning (6)
 v - a wand of confusion (4)
 H - a wand of cold (6)
Comestibles
 c - 8 bread rations
 j - 6 fruits
 q - 8 beef jerkies
 F - 5 meat rations
 P - a chunk of hound flesh {@*1}
Scrolls
 i - 3 scrolls of enchant armour
 k - 4 scrolls of remove curse
 w - a scroll of teleportation
 C - a scroll of recharging
 E - a scroll of enchant weapon
 G - 2 scrolls of magic mapping
 L - 3 scrolls of amnesia
Jewellery
 D - a +4 ring of evasion (left hand)
 K - an uncursed ring of fire
 O - an amulet of faith (around neck) {!P}
 S - an uncursed amulet of warding {unknown}
Potions
 e - 3 potions of curing
 l - a potion of heal wounds
 m - a potion of agility
 n - a potion of magic
 p - 2 potions of flight
 r - 2 potions of might
 t - 2 potions of brilliance
 x - a potion of haste
 I - a potion of mutation {!q}
 M - a potion of lignification {unknown}
 N - a potion of restore abilities {unknown}
Books
 d - a book of Frost
 h - a book of Wizardry
 z - a manual of Necromancy {!d}

Dungeon Overview and Level Annotations

Branches:
Dungeon (10/15)            Temple (1/1) D:4            Lair (3/8) D:8
    Orc: D:9-12       Swamp: Lair:3-6    Shoals: Lair:3-6     Snake: Lair:3-6
 Spider: Lair:3-6

Altars:
Ashenzari
Cheibriados
Dithmenos
Elyvilon
Fedhas
Kikubaaqudgha
Makhleb
Nemelex Xobeh
Okawaru
Qazlal
Sif Muna
Trog
Vehumet
Xom
Yredelemnul
Zin
The Shining One
Jiyva

Shops:
D:8 (

Annotations:
D:3 Sigmund

#..... # ####....#
.## ##..#....# ...#
##........#....#
.................
........l.........
.####.#..P#....#.
##.l#### ####P.
.###P.Y@..##..#...#
...P.......#.#....#
..................#
#...#....%........#
..##.......(....#.#
. #.........#.#.#
...##......<# # .##
##..##### ####


You could see a komodo dragon and a friendly ice beast.


Message History

You feel sick. You block the black mamba's attack.
You hit the black mamba but do no damage.
The black mamba is heavily wounded.
You feel sick. You block the black mamba's attack.
Your ice beast hits the black mamba.
Your ice beast freezes the black mamba!
The black mamba seems to slow down.
Aiming: Freeze
Aim: a black mamba (severely wounded, slow, umbra)
You freeze the black mamba.
You kill the black mamba!
Dithmenos accepts your kill.
You feel sick.
Aiming: Freeze
Aim: a komodo dragon (umbra)
You freeze the komodo dragon.
The komodo dragon is lightly wounded.
You feel sick. The komodo dragon bites you!!
* * * LOW HITPOINT WARNING * * *
Okay, then.
Read which item? (? for menu, Esc to quit)
As you read the scroll of fear, it crumbles to dust.
You assume a fearsome visage.
The komodo dragon looks frightened!
Your icy shield evaporates.
* * * LOW HITPOINT WARNING * * *
You feel sick.
Your ice beast hits the komodo dragon.
Your ice beast freezes the komodo dragon!
The komodo dragon seems to slow down.
Your ice beast's attack snaps the komodo dragon out of its fear.
The komodo dragon bites you!
You die...

Action                   |  1- 3 |  4- 6 |  7- 9 | 10-12 || total
-------------------------+-------+-------+-------+-------++-------
Melee: Unarmed           |     6 |     5 |       |       ||    11
       Long sword        |       |    46 |       |       ||    46
       Short sword       |       |     8 |   154 |       ||   162
       Falchion          |       |       |    51 |       ||    51
       Great sword       |       |       |   104 |   400 ||   504
 Fire: Blowgun           |       |       |    70 |    38 ||   108
Throw: Throwing net      |       |       |       |     1 ||     1
 Cast: Freeze            |    69 |   123 |    88 |    92 ||   372
       Ozocubu's Armour  |       |     5 |    25 |    28 ||    58
       Condensation Shie |       |     3 |     8 |    22 ||    33
       Summon Ice Beast  |       |       |       |    17 ||    17
Evoke: Wand              |       |     2 |     9 |    14 ||    25
  Use: Scroll            |       |     4 |    13 |    16 ||    33
       Potion            |       |       |     3 |     8 ||    11
 Stab: Sleeping          |       |     1 |     8 |     6 ||    15
       Confused          |       |       |     4 |       ||     4
       Distracted        |       |       |     2 |     2 ||     4
       Held in net/web   |       |       |       |     2 ||     2
  Eat: Chunk             |     3 |    13 |    19 |    23 ||    58
       Fruit             |       |       |     6 |     5 ||    11
       Beef jerky        |       |       |     1 |       ||     1
       Pizza             |       |       |       |     2 ||     2
       Royal jelly       |       |       |       |     1 ||     1

Vault maps used:
D:1:      dpeg_arrival_concentric_ovals, minmay_misc_feat_five
D:2:      lemuel_doored_altar, uniq_crazy_yiuf_cottage
D:3:      cheibrodos_ashenzari_chains, uniq_sigmund, uniq_iyjb
D:4:      minmay_temple_entry_enclosed_plants, first_bread,
          gup_sewer_entry_spiral, trog_book
D:5:      grunt_temple_overflow_champion_of_chaos, jiyva_altar_1, uniq_menkaure
D:6:      lemuel_upstairs_altar, overflow_temple_1_default, basic_altar
D:7:      grunt_ogre_cave, st_stairs_13, kennysheep_crisscross
D:8:      david_lair_generic, serial_shops, kennysheep_little_box, uniq_joseph
D:9:      minitemple
D:10:     basic_altar, mrwooster_statue_mirror
Temple:   minmay_temple_curvy_8
Lair:1:   serial_pond, minmay_pond_plants_c, minmay_pond_plants_y,
          infiniplex_staircase_pool_2, lemuel_fruit_tree, serial_bayou_shore_a
Lair:2:   nicolae_quartered_pool_medium, uniq_erica
Lair:3:   minmay_shoals_entry_hut, portal_ice_cave_entry_ice_beasts,
          serial_bayou_shore_b
Sewer:    kennysheep_pipe_town
IceCv:    ice_cave_statue_garden_02

Notes
Turn   | Place    | Note
--------------------------------------------------------------
     0 | D:1      | RobertPalmer, the High Elf Ice Elementalist, began the quest for the Orb.
     0 | D:1      | Reached XP level 1. HP: 11/11 MP: 4/4
   467 | D:1      | Reached XP level 2. HP: 17/17 MP: 3/6
   935 | D:1      | Reached skill level 4 in Ice Magic
  1086 | D:1      | Reached XP level 3. HP: 21/21 MP: 5/8
  1443 | D:2      | Found a white marble altar of Elyvilon.
  2040 | D:2      | Reached XP level 4. HP: 18/27 MP: 5/11
  2393 | D:3      | Reached skill level 5 in Ice Magic
  2547 | D:3      | Noticed Sigmund
  2640 | D:4      | Found a staircase to the Ecumenical Temple.
  2646 | Temple   | Entered the Ecumenical Temple
  2822 | Temple   | Became a worshipper of Dithmenos the Shadowed
  2988 | D:4      | Found a glowing drain.
  3006 | Sewer    | Entered a sewer
  3149 | Sewer    | Noticed a big kobold
  3226 | Sewer    | Killed a big kobold
  3226 | Sewer    | Reached skill level 6 in Ice Magic
  3226 | Sewer    | Reached XP level 5. HP: 26/31 MP: 4/12
  3438 | Sewer    | Noticed a big kobold
  3447 | Sewer    | Killed a big kobold
  3447 | Sewer    | Reached XP level 6. HP: 27/36 MP: 8/15
  3732 | D:4      | Reached skill level 7 in Ice Magic
  4080 | D:4      | Learned a level 3 spell: Ozocubu's Armour
  4085 | D:4      | Learned a level 4 spell: Condensation Shield
  4880 | D:4      | Found a bloodstained altar of Trog.
  5092 | D:4      | Noticed a phantom
  5169 | D:5      | Entered Level 5 of the Dungeon
  5415 | D:5      | Reached skill level 8 in Ice Magic
  5415 | D:5      | Reached XP level 7. HP: 29/41 MP: 15/17
  5495 | D:5      | Found a shimmering altar of Xom.
  5496 | D:5      | Found a burning altar of Makhleb.
  5500 | D:5      | Reached skill level 1 in Long Blades
  5521 | D:5      | Reached skill level 2 in Long Blades
  5542 | D:5      | Acquired Dithmenos' first power
  5656 | D:5      | Noticed Menkaure
  5675 | D:5      | Killed Menkaure
  5675 | D:5      | Reached skill level 3 in Long Blades
  5759 | D:5      | Found a viscous altar of Jiyva.
  5779 | D:5      | Reached skill level 4 in Long Blades
  6168 | D:5      | Reached skill level 5 in Long Blades
  6804 | D:6      | Found a shimmering altar of Xom.
  6827 | D:6      | Reached skill level 6 in Long Blades
  6827 | D:6      | Reached XP level 8. HP: 29/46 MP: 15/18
  6871 | D:6      | Found a deep blue altar of Sif Muna.
  7403 | D:6      | Reached skill level 7 in Long Blades
  7560 | D:6      | Reached skill level 8 in Long Blades
  7844 | D:6      | Got a heavily runed ring mail
  7845 | D:6      | Identified the +3 ring mail of Submission {Int+2} (You found it on level 6 of the Dungeon)
  8375 | D:6      | Reached skill level 9 in Long Blades
  9326 | D:7      | Reached skill level 10 in Long Blades
  9865 | D:7      | Reached XP level 9. HP: 51/51 MP: 20/20
  9916 | D:7      | Reached skill level 11 in Long Blades
 10982 | D:7      | Reached skill level 12 in Long Blades
 11030 | D:8      | Noticed an elephant
 11531 | D:8      | Reached skill level 13 in Long Blades
 11665 | D:8      | Acquired Dithmenos' second power
 11844 | D:8      | Killed an elephant
 11844 | D:8      | Reached skill level 14 in Long Blades
 11844 | D:8      | Reached XP level 10. HP: 40/56 MP: 21/21
 11953 | D:8      | Noticed Joseph
 11979 | D:8      | Killed Joseph
 12185 | D:8      | Found a staircase to the Lair.
 12292 | D:8      | Identified a potion of resistance
 12511 | D:8      | Reached skill level 15 in Long Blades
 12708 | D:8      | Found Elek's Weapon Shop.
 13598 | D:9      | Found a stormy altar of Qazlal.
 13624 | D:9      | Found a shattered altar of Ashenzari.
 13625 | D:9      | Found a blossoming altar of Fedhas.
 13625 | D:9      | Found a glowing golden altar of the Shining One.
 13628 | D:9      | Found a basalt altar of Yredelemnul.
 13808 | D:10     | Entered Level 10 of the Dungeon
 13914 | Lair:1   | Entered Level 1 of the Lair of Beasts
 13927 | Lair:1   | Learned a level 4 spell: Summon Ice Beast
 14290 | Lair:1   | Got a warped robe
 14301 | Lair:1   | Identified the +1 robe "Wisch" {Dex-3 Int+2} (You found it on level 1 of the Lair of Beasts)
 15064 | Lair:1   | Acquired Dithmenos' third power
 15649 | Lair:2   | Noticed Erica
 15683 | Lair:2   | Killed Erica
 15683 | Lair:2   | Reached skill level 9 in Ice Magic
 15805 | Lair:2   | Reached XP level 11. HP: 28/61 MP: 7/22
 16010 | Lair:2   | Reached skill level 10 in Ice Magic
 16582 | Lair:2   | Noticed a five-headed hydra
 16592 | Lair:2   | Killed a five-headed hydra
 17333 | Lair:2   | Reached skill level 3 in Dodging
 17763 | Lair:3   | Found a frozen archway.
 17788 | Lair:2   | Reached skill level 4 in Dodging
 17871 | Lair:3   | Reached skill level 5 in Dodging
 17878 | IceCv    | Entered an ice cave
 18041 | IceCv    | Reached skill level 6 in Dodging
 18068 | IceCv    | Noticed an ice statue
 18068 | IceCv    | Noticed an ice statue
 18068 | IceCv    | Noticed an ice statue
 18230 | Lair:3   | Slain by a komodo dragon

Vanquished Creatures
  Erica (Lair:2)
  An elephant (D:8)
  A black mamba (Lair:3)
  Joseph (D:8)
  3 spiny frogs
  2 komodo dragons (Lair:2)
  3 blink frogs (Lair:2)
  A yak (D:8)
  A shadow (D:9)
  4 hippogriffs
  Menkaure (D:5)
  2 porcupines
  2 orc warriors
  2 water moccasins (Lair:2)
  14 ice beasts
  4 centaurs
  2 sky beasts
  3 black bears
  6 ogres
  2 big kobolds (Sewer)
  3 crocodiles
  8 giant frogs
  An eye of draining (D:9)
  6 killer bees (D:8)
  6 scorpions
  5 wights (D:7)
  3 electric eels
  7 crimson imps
  4 goliath beetles
  9 hounds
  A centaur zombie (D:9)
  A giant frog skeleton (D:8)
  A giant frog zombie (D:6)
  An orc priest (D:6)
  9 jellies
  4 iguanas
  An orc wizard (D:5)
  10 worker ants
  17 sheep
  13 adders
  3 gnolls (D:5)
  4 giant mites
  3 shadow imps
  8 worms
  An adder skeleton (D:9)
  6 oozes
  30 orcs
  17 bats
  3 giant cockroaches
  12 goblins
  18 hobgoblins
  27 kobolds
  4 quokkas
  2 ball pythons
  4 giant geckos
  3 giant newts
  A giant spore (D:9)
  A hobgoblin skeleton (D:4)
  A hobgoblin zombie (D:5)
  7 jackals
  A kobold zombie (D:5)
  An orc skeleton (D:7)
  A quokka skeleton (D:4)
  14 rats
  A rat zombie (D:5)
  2 ballistomycetes (D:9)
  A plant (Lair:1)
342 creatures vanquished.

Vanquished Creatures (collateral kills)
  A hydra (Lair:2)
  A black mamba (Lair:3)
  An ice beast (Lair:2)
  2 sheep (Lair:2)
  An adder (Lair:2)
6 creatures vanquished.

Vanquished Creatures (others)
  3 ice beasts
3 creatures vanquished.

Grand Total: 351 creatures vanquished
